 Dungeon Crawl Stone Soup version 0.28-a0-476-g0f06bd746f (webtiles) character file.

Game seed: 13133399331181454583

203 siradein the Covered (level 6, -1/48 HPs)
             Began as a Human Fighter on Sept 17, 2021.
             Splashed by a jelly's acid (3 damage)
             ... on level 4 of the Dungeon.
             The game lasted 00:11:28 (3491 turns).

siradein the Covered (Human Fighter)                Turns: 3491, Time: 00:11:28

Health: -1/48      AC:  2    Str: 19    XL:     6   Next: 8%
Magic:  6/6        EV:  7    Int:  8    God:
Gold:   114        SH:  5    Dex: 18    Spells: 5/5 levels left

rFire   . . .      SeeInvis .   a - +0 trident
rCold   . . .      Faith    .   c - +0 buckler
rNeg    . . .      Spirit   .   m - +0 chain mail
rPois   .          Reflect  .   (no helmet)
rElec   .          Harm     .   (no cloak)
rCorr   .          Rampage  .   o - +0 pair of gloves
Will    .....                   (no boots)
Stlth   ..........              (no amulet)
HPRegen 0.16/turn               n - +6 ring of dexterity
MPRegen 0.10/turn               (no ring)

@: corroded
A: no striking features
a: no special abilities


You were on level 4 of the Dungeon.
You visited 1 branch of the dungeon, and saw 4 of its levels.

You collected 114 gold pieces.

Inventory:

Hand Weapons
 a - a +0 trident (weapon)
Armour
 c - a +0 buckler (worn)
 m - a +0 chain mail (worn)
 o - a +0 pair of gloves (worn)
Jewellery
 k - a ring of ice
 n - a +6 ring of dexterity (left hand)
Scrolls
 b - 3 scrolls of enchant weapon {unknown}
 f - a scroll of amnesia {unknown}
 g - 3 scrolls of identify {unknown}
 h - a scroll of enchant armour {unknown}
 i - a scroll of magic mapping {unknown}
 j - a scroll of teleportation {unknown}
Potions
 d - a potion of might
 e - 2 potions of curing {unknown}
 l - a potion of haste {unknown}


   Skills:
 + Level 4.0 Fighting
 + Level 3.3 Polearms
 + Level 4.1 Armour
 + Level 4.0 Shields


You had 5 spell levels left.
You didn't know any spells.
Your spell library was empty.

Dungeon Overview and Level Annotations

Branches:
Dungeon (4/15)
 Temple: D:4-7

Altars:
Qazlal
Uskayaw

Portals:
Abyss: D:4

Annotations:
D:4 1 transporter, FilthyApe's ghost, amateur MiFi


Message History

You reach to attack!
You puncture the gnoll!
You kill the gnoll!
No target in view!
No target in view!
You see here a +0 whip.
You hear a distant slurping noise.
You see here a +0 spear.
You see here a +0 pair of gloves.
You start putting on your armour.
You continue putting on your +0 pair of gloves. x4
You finish putting on your +0 pair of gloves.
A jelly is nearby!
You start resting.
A jelly is nearby!
The jelly quivers.
You reach to attack!
You puncture the jelly!
The jelly is heavily wounded.
You hit the jelly but do no damage.
Your hands burn!
The jelly is heavily wounded.
The jelly hits you but does no damage.
You barely miss the jelly.
The jelly is heavily wounded.
The jelly hits you. The acid corrodes you!
You are splashed with acid!
You are too injured to fight recklessly!
You are too injured to fight recklessly!
You are too injured to fight recklessly!
You hit the jelly.
Your hands burn!
The jelly is severely wounded.
The jelly hits you.
You are splashed with acid!
* * * LOW HITPOINT WARNING * * *
You hit the jelly but do no damage.
Your hands burn!
* * * LOW HITPOINT WARNING * * *
The jelly is severely wounded.
The jelly closely misses you.
You hit the jelly but do no damage. The acid corrodes you!
Your hands burn!
* * * LOW HITPOINT WARNING * * *
The jelly is severely wounded.
The jelly barely misses you.
You hit the jelly.
Your hands burn!
You die...

#.##.......#......##..##.##.
#.###.###..##.....5#..#.K♣..
#.# #.# #.J.####.###..##W#.#
#.# #.###.#....##♣#....###.#
#.# #.....#.....##.........#
#.# ########..#....#.#####.#
#.# #..........)).... #.#
###..####.#.#####.# #.#
#.@J.# ............ #.#
#.#..#.##.#..######
#.########.#....##.#..#
#..........#.#####....#
#.##########.# #.#.## #.#
#.. ....# #.# #.# ### ###


You could see a jelly.

Vanquished Creatures
  A bullfrog skeleton (D:4)
  An iguana (D:2)
  A hound skeleton (D:4)
  3 gnolls (D:4)
  2 adders
  4 worms
  2 dart slugs
  6 ball pythons
  3 endoplasms
  4 giant cockroaches
  6 hobgoblins
  2 jackals (D:1)
  4 quokkas
  6 bats
  6 frilled lizards
  9 goblins
  9 kobolds
  A quokka skeleton (D:2)
  7 rats
77 creatures vanquished.

Notes
Turn   | Place    | Note
-------+----------+-------------------------------------------
     0 | D:1      | siradein the Human Fighter began the quest for the Orb.
     0 | D:1      | Reached XP level 1. HP: 18/18 MP: 1/1
   451 | D:1      | Reached XP level 2. HP: 24/24 MP: 2/2
   856 | D:1      | Reached XP level 3. HP: 29/29 MP: 3/3
  1731 | D:2      | Reached XP level 4. HP: 28/35 MP: 4/4
  2342 | D:3      | Found a stormy altar of Qazlal.
  2597 | D:3      | Reached XP level 5. HP: 41/41 MP: 5/5
  2729 | D:3      | Found a hide-covered altar of Uskayaw.
  3259 | D:4      | Found a one-way gate to the infinite horrors of the Abyss.
  3259 | D:4      | Noticed a kobold brigand
  3259 | D:4      | Noticed FilthyApe's ghost (amateur MiFi)
  3260 | D:4      | Found a transporter.
  3424 | D:4      | Noticed a small abomination
  3444 | D:4      | Reached XP level 6. HP: 33/48 MP: 6/6
  3490 | D:4      | HP: 1/48 [acid (4)]
  3491 | D:4      | Splashed by a jelly's acid

Illustrated notes

Levels and vault maps discovered:
D:1:      tarquinn_simple_flora_water_b, layout_basic
D:2:      layout_basic, minmay_misc_feat_secret_circle,
          hangedman_abyss_or_decor_lesser_grid
D:3:      layout_basic, mainiacjoe_overflow_paths, mainiacjoe_overflow_brackets,
          kennysheep_generic_room_4
D:4:      layout_basic, lightli_temple_of_fire, gammafunk_ghost_abyssal_escape

Skill      XL: |  1  2  3  4  5 |
---------------+----------------+-----
Polearms       | 3 |  3.3
Armour         | 4 |  4.1
Shields        | 4 |  4.0
Fighting       | 4 |  4.0

Action                   |  1- 3 |  4- 6 || total
-------------------------+-------+-------++-------
Melee: Trident           |   123 |   159 ||   282
Armor: Scale mail        |    47 |    21 ||    68
       Chain mail        |       |    46 ||    46
Dodge: Dodged            |    52 |    49 ||   101
Block: Buckler           |    22 |    33 ||    55

Table legend: (Time is in decaauts)
 A = Elapsed time spent in this place.
 B = Non-inter-level travel time spent in this place.
 C = Inter-level travel time spent in this place.
 D = Time resting spent in this place.
 E = Time spent auto-exploring this place.
 F = Levels seen in this place.
 G = Mean time per level.
                   A        B        C        D        E       F      G
               +--------+--------+--------+--------+--------+-----+--------+
         Total |   3542 |   3427 |    115 |    412 |   2368 |   4 |  885.5 |
       Dungeon |   3542 |   3427 |    115 |    412 |   2368 |   4 |  885.5 |
               +--------+--------+--------+--------+--------+-----+--------+

Top non-repeatable levels by time:
     D:2: 1159 daAuts
     D:1: 1137 daAuts
     D:3: 892 daAuts
     D:4: 352 daAuts
